[Event "*** Titled Tuesday Blitz"]
[Site "Chess.com"]
[Date "2020.05.26"]
[Round "7"]
[White "emperor87"]
[Black "nikitakhoroshev"]
[Result "0-1"]
[WhiteElo "2596"]
[BlackElo "2450"]
[TimeControl "180+1"]
[EndTime "11:19:14 PDT"]
[Termination "nikitakhoroshev won by resignation"]

1. e4 e6 2. d4 d5 3. Nd2 a6 4. Ngf3 Nf6 5. e5 Nfd7 6. Bd3 c5 7. c3 Nc6 8. O-O g5 9. dxc5 g4 10. Nd4 Ndxe5 11. Be2 h5 12. b4 Bd7 13. Re1 Qc7 14.
Nf1 Bh6 15. a4 Ke7 16. b5 axb5 17. Bxh6 Rxh6 18. axb5 Rxa1 19. Qxa1 Na5 20. Qa3 Nac4 21. Qb4 Kf6 22. Ne3 Nxe3 23. fxe3 Rh8 24. Rf1+ Kg7 25. b6 Qd8 26. c6 Bxc6 27. Nxc6 Nxc6 28. Qf4 Qe7 29. Bd3 f5 30. c4 Rd8 31. cxd5 Rxd5 32. Bc4 Re5 33. h3 Re4 0-1

[Event "*** Titled Tuesday Blitz"]
[Site "Chess.com"]
[Date "2020.05.26"]
[Round "7"]
[White "powermove"]
[Black "marszach123"]
[Result "0-1"]
[WhiteElo "1748"]
[BlackElo "2175"]
[TimeControl "180+1"]
[EndTime "11:19:17 PDT"]
[Termination "marszach123 won by resignation"]

1. Nf3 Nf6 2. g3 d5 3. Bg2 e6 4. O-O Be7 5. d3 O-O 6. Nbd2 c5 7. e4 Nc6 8. Re1 b5 9. a4 b4 10. c3 a5 11. e5 Nd7 12. d4 Ba6 13. Bf1 Qb6 14. Bxa6 Rxa6 15. Nf1 Rb8 16. h4 Ra7 17. Bg5 Bf8 18. Ne3 Rab7 19. Ng4 bxc3 20. bxc3 cxd4 21. cxd4 Qb3 22. Qxb3 Rxb3 23. Kg2 Bb4 24. Rec1 Bc3 25. Ra2 Nxd4 26. Nxd4 Bxd4 27. Rc7 Nxe5 28. Nxe5 Bxe5 29. Ra7 Bc3 0-1

[Event "*** Titled Tuesday Blitz"]
[Site "Chess.com"]
[Date "2020.05.26"]
[Round "7"]
[White "talman67"]
[Black "ChristianAlm"]
[Result "1-0"]
[WhiteElo "2562"]
[BlackElo "2391"]
[TimeControl "180+1"]
[EndTime "11:19:18 PDT"]
[Termination "talman67 won by resignation"]

1. e4 e6 2. d4 d5 3. Nc3 Bb4 4. e5 Ne7 5. a3 Bxc3+ 6. bxc3 c5 7. Qg4 Nbc6 8. Qxg7 Rg8 9. Qxh7 Qc7 10. Qd3 Bd7 11.
Nf3 O-O-O 12. Bg5 a6 13. Rb1 Rde8 14. Be2 Ng6 15. h4 f6 16. Bxf6 Nf4 17. Qxa6 c4 18. Qa8+ Nb8 19. g3 Nxe2 20. Kxe2 Rg4 21. h5 Re4+ 22. Kf1 Bc6 23. h6 Qh7 24. Ng5 Qf5 25. h7 Re2 26. Kxe2 Qxc2+ 27. Kf3 Qxc3+ 28. Kg2 Qxd4 29. h8=Q Qd3 30. Qxe8+ 1-0

[Event "*** Titled Tuesday Blitz"]
[Site "Chess.com"]
[Date "2020.05.26"]
[Round "7"]
[White "NefeLV"]
[Black "jd001"]
[Result "0-1"]
[WhiteElo "1783"]
[BlackElo "2169"]
[TimeControl "180+1"]
[EndTime "11:19:18 PDT"]
[Termination "jd001 won by resignation"]

1. c4 e6 2. d4 f5 3. Nc3 Nf6 4. e4 fxe4 5. d5 Bb4 6. Qb3 Bxc3+ 7. Qxc3 exd5 8. cxd5 O-O 9. Bc4 d6 10. Bg5 Bf5 11. Ne2 Nbd7 12. Ng3 Bg6 13. O-O h6 14. Bc1 Ne5 15. b3 a5 16. Bb2 Qd7 17. Rac1 b6 18.
Rfe1 Rac8 19. a4 Rf7 20. Bb5 Qe7 21. Qd4 Neg4 22. f3 Ne5 23. fxe4 Nfg4 24. Ba6 Rcf8 25. Rc2 Qg5 26. Bc1 Qh4 27. h3 Qxg3 0-1

[Event "*** Titled Tuesday Blitz"]
[Site "Chess.com"]
[Date "2020.05.26"]
[Round "7"]
[White "bmt011"]
[Black "WonderChampion"]
[Result "1-0"]
[WhiteElo "2063"]
[BlackElo "1915"]
[TimeControl "180+1"]
[EndTime "11:19:18 PDT"]
[Termination "bmt011 won by resignation"]

1. d4 d5 2. Bf4 Nf6 3. e3 e6 4. Nf3 c5 5. c3 Nc6 6. Nbd2 Be7 7. Bd3 O-O 8. h3 a6 9. a4 c4 10. Bc2 Bd6 11. Ne5 Bxe5 12. dxe5 Nd7 13. Nf3 Qc7 14.
Bxh7+ Kh8 15. Ng5 g6 16. Nxf7+ Rxf7 17. Bxg6 Rg7 18. Qh5+ Kg8 19. Bh6 Qxe5 20. Qxe5 Ncxe5 21. Bxg7 Kxg7 22. Bc2 Nc5 23. Ke2 Ned3 24. b4 Ne4 25.
Bxd3 Nxc3+ 26. Kd2 cxd3 27. Kxc3 Bd7 28. Kxd3 Rf8 29.
f4 Rf7 30. Kd4 Kf8 31. g4 Ke7 32. h4 Rg7 33. g5 Rh7 34. h5 Be8 35. g6 Rg7 36.
Ke5 d4 37. exd4 Bc6 38. Rhg1 Rg8 39. h6 Bd7 40. g7 1-0

[Event "*** Titled Tuesday Blitz"]
[Site "Chess.com"]
[Date "2020.05.26"]
[Round "7"]
[White "Mbneu"]
[Black "Gerodot71"]
[Result "1-0"]
[WhiteElo "2238"]
[BlackElo "2359"]
[TimeControl "180+1"]
[EndTime "11:19:24 PDT"]
[Termination "Mbneu won by resignation"]

1. d4 Nf6 2. c4 e6 3. Nc3 d5 4.
Nf3 dxc4 5. e4 b5 6. e5 Nd5 7. Nxb5 Nb6 8. Be2 Bb7 9. O-O Nc6 10. a4 a5 11. Na3 Qd5 12. Be3 O-O-O 13. Rc1 Bxa3 14. bxa3 Rdg8 15. Qc2 g5 16. Bxc4 Nxc4 17. Qxc4 Qe4 18. Nd2 Qf5 19. Rb1 Nd8 20. Rxb7 Kxb7 21. Rb1+ Kc8 22. Rc1 c6 23. Qa6+ Kd7 24. Nc4 Ke8 25.
Nd6+ Kf8 26. Nxf5 exf5 27. d5 cxd5 28. Qf6 Ke8 29. Rc7 1-0

[Event "*** Titled Tuesday Blitz"]
[Site "Chess.com"]
[Date "2020.05.26"]
[Round "7"]
[White "MacDaddyMac"]
[Black "TregubovP"]
[Result "0-1"]
[WhiteElo "2255"]
[BlackElo "2555"]
[TimeControl "180+1"]
[EndTime "11:19:26 PDT"]
[Termination "TregubovP won by checkmate"]

1. e4 e6 2. d4 d5 3. Nc3 Bb4 4. e5 c5 5. Bd2 Nc6 6. a3 Bxc3 7.
bxc3 cxd4 8. cxd4 Nxd4 9. Nf3 Nxf3+ 10. Qxf3 Ne7 11. Bd3 Ng6 12. Qg3 Qc7 13. f4 Qc5 14. h4 Bd7 15. h5 Ne7 16. Qxg7 Rg8 17. Qf6 Rxg2 18. Rf1 Bb5 19. Bb4 Qe3+ 20. Kd1 O-O-O 21. Qxf7 Bxd3 22. Qxe6+ Kb8 23. Qxe7 Bxc2# 0-1

[Event "*** Titled Tuesday Blitz"]
[Site "Chess.com"]
[Date "2020.05.26"]
[Round "7"]
[White "Vandros57"]
[Black "AcsinteMatei"]
[Result "1-0"]
[WhiteElo "2238"]
[BlackElo "2335"]
[TimeControl "180+1"]
[EndTime "11:19:26 PDT"]
[Termination "Vandros57 won by resignation"]

1. d4 Nf6 2. Nf3 e6 3. c4 Bb4+ 4. Bd2 a5 5. a3 Bxd2+ 6. Qxd2 O-O 7. Nc3 d5 8. e3 b6 9. Be2 Ba6 10. cxd5 Bxe2 11. Qxe2 exd5 12. O-O a4 13. Rac1 Nc6 14. Nb5 Na5 15. Nxc7 Rc8 16. Nb5 Nc4 17. Nc3 Rc7 18. Nxa4 Qa8 19. Nc3 Rfc8 20. g3 Qa5 21. Kg2 b5 22.
Na2 Nxe3+ 23. Qxe3 Ng4 24. Qd2 Qxd2 25. Nxd2 Rc2 26.
h3 Ne3+ 27. fxe3 Rxd2+ 28. Kf3 Re8 29. Nc3 Rxb2 30. Nxd5 h6 31. Rc3 f5 32. h4 Kf7 33.
h5 Rh2 34. Nf4 Rb2 35. Rc7+ Kf6 36. Rfc1 1-0

[Event "*** Titled Tuesday Blitz"]
[Site "Chess.com"]
[Date "2020.05.26"]
[Round "7"]
[White "Charlottemillard17"]
[Black "Echecmat"]
[Result "0-1"]
[WhiteElo "1451"]
[BlackElo "2142"]
[TimeControl "180+1"]
[EndTime "11:19:32 PDT"]
[Termination "Echecmat won by checkmate"]

1. e4 c5 2. Nf3 d6 3. d4 cxd4 4. Nxd4 Nf6 5. Nc3 a6 6. f4 e5 7. Nb3 exf4 8. Bxf4 Nc6 9. Bd3 Ne5 10. Be2 Be7 11. O-O O-O 12. Kh1 b5 13. a3 Bb7 14.
Nd5 Nxd5 15. exd5 Bf6 16. Qd2 Rc8 17. Na5 Ba8 18. Rac1 Rc5 19. Bxe5 Bxe5 20. Bf3 Qh4 21. Kg1 Qxh2+ 22. Kf2 Bf4 23. Qd4 Re8 24. Rh1 Bg3+ 25.
Kf1 Qxh1+ 26. Qg1 Rxc2 27. Qxh1 Rxc1+ 28. Bd1 Rxd1# 0-1

[Event "*** Titled Tuesday Blitz"]
[Site "Chess.com"]
[Date "2020.05.26"]
[Round "7"]
[White "Shubinkirill2003"]
[Black "tigra"]
[Result "1/2-1/2"]
[WhiteElo "2625"]
[BlackElo "2753"]
[TimeControl "180+1"]
[EndTime "11:19:33 PDT"]
[Termination "Game drawn by repetition"]

1. e4 c5 2. Nf3 d6 3. g3 Nf6 4. d3 g6 5. Bg2 Bg7 6. O-O O-O 7.
Nbd2 Nc6 8. a4 Bg4 9. h3 Bxf3 10.
Nxf3 c4 11. dxc4 Nxe4 12. Re1 Nc5 13. c3 a5 14. Be3 b6 15. Nd4 Ne5 16. Bxa8 Qxa8 17.
Qe2 Bf6 18. Rad1 Nxa4 19. f4 Nd7 20. Nb5 Qc6 21. Bd4 Re8 22. Nxd6 Qxd6 23. Bxf6 Qxf6 24. Rxd7 Qf5 25. Rxe7 Rxe7 26. Qxe7 Qxh3 27. Qd8+ Kg7 28. Qd4+ Kh6 29. Qf2 Kg7 30. Qd4+ Kh6 31. Qf2 Kg7 32.
Qd4+ 1/2-1/2

[Event "*** Titled Tuesday Blitz"]
[Site "Chess.com"]
[Date "2020.05.26"]
[Round "7"]
[White "ameetghasi100"]
[Black "Chessdemon2019"]
[Result "1-0"]
[WhiteElo "2713"]
[BlackElo "2329"]
[TimeControl "180+1"]
[EndTime "11:19:35 PDT"]
[Termination "ameetghasi100 won by resignation"]

1. Nf3 c5 2. g3 Nc6 3. Bg2 g6 4. O-O Bg7 5. d3 e5 6. c4 Nge7 7. Nc3 O-O 8. a3 d6 9. Rb1 Be6 10. b4 h6 11. bxc5 dxc5 12. Rxb7 Rb8 13. Rxb8 Qxb8 14.
Na4 Qd6 15. Nd2 f5 16. Nb3 e4 17. Naxc5 Nd4 18. Nxe6 Qxe6 19. Nxd4 Bxd4 20. Bxh6 Rd8 21. Qd2 exd3 22. exd3 Qf6 23. Bg5 Qg7 24. Qe2 Re8 25. Re1 Bc5 26. Qe6+ Kh7 27. Bf6 Qf8 28. d4 Bxa3 29. Qd7 Bb4 30. Re6 Qf7 31. c5 Kg8 32. Rxe7 Rxe7 33. Bxe7 Ba5 34. Bd5 1-0

[Event "*** Titled Tuesday Blitz"]
[Site "Chess.com"]
[Date "2020.05.26"]
[Round "7"]
[White "Korchmar_Vasiliy"]
[Black "crescentmoon2411"]
[Result "0-1"]
[WhiteElo "2571"]
[BlackElo "2762"]
[TimeControl "180+1"]
[EndTime "11:19:36 PDT"]
[Termination "crescentmoon2411 won by resignation"]

1. d4 Nf6 2. c4 e6 3. g3 d5 4. Bg2 Bb4+ 5. Nd2 O-O 6. Nf3 b6 7. O-O Bb7 8. cxd5 Bxd5 9. a3 Bxd2 10. Bxd2 Nbd7 11. Rc1 c5 12. Bf4 cxd4 13. Nxd4 Bxg2 14. Kxg2 e5 15. Nc6 Qe8 16. Bd2 Nc5 17. Nb4 Rd8 18. Qc2 a5 19. Na2 Qe6 20. b4 Nb3 21. Rcd1 Qd5+ 22. e4 Nxe4 23. Bg5 Nd4 24. Bxd8 Nd2+ 0-1

[Event "*** Titled Tuesday Blitz"]
[Site "Chess.com"]
[Date "2020.05.26"]
[Round "7"]
[White "axvesik"]
[Black "slowdgehammer"]
[Result "1-0"]
[WhiteElo "2529"]
[BlackElo "2349"]
[TimeControl "180+1"]
[EndTime "11:19:37 PDT"]
[Termination "axvesik won by resignation"]

1. e4 c5 2. Nf3 d6 3. d4 cxd4 4.
Nxd4 Nf6 5. Nc3 g6 6. Be3 Bg7 7.
f3 Nc6 8. Qd2 O-O 9. Bc4 Bd7 10.
h4 Na5 11. Bb3 Rb8 12. h5 Nxb3 13. axb3 a6 14. Bh6 e5 15. Nde2 Be6 16. Bxg7 Kxg7 17. O-O-O Qa5 18. hxg6 fxg6 19. Qh6+ Kg8 20. Rxd6 Rbe8 21.
g4 Re7 22. g5 Nh5 23. Rxh5 gxh5 24. Rxe6 Rg7 25. g6 Qa1+ 26. Kd2 Rd8+ 27. Nd5 Qxb2 28. gxh7+ Kh8 29. Rg6 Rxg6 30. Qxg6 Rc8 31. Nec3 b5 32.
Qf6+ Kxh7 33. Qe7+ Kh8 34. Qxe5+ Kh7 35. Qf5+ Kh8 36.
Qxc8+ 1-0

[Event "*** Titled Tuesday Blitz"]
[Site "Chess.com"]
[Date "2020.05.26"]
[Round "7"]
[White "Superfelix"]
[Black "Norival"]
[Result "0-1"]
[WhiteElo "2474"]
[BlackElo "2663"]
[TimeControl "180+1"]
[EndTime "11:19:39 PDT"]
[Termination "Norival won by resignation"]

1. e4 e5 2. Nf3 Nc6 3. d4 exd4 4.
Nxd4 g6 5. c4 Bg7 6. Nc2 Nf6 7.
Nc3 O-O 8. Be2 Re8 9. f3 d6 10. O-O Be6 11. Be3 a6 12. Qd2 Nd7 13. b3 Rc8 14.
Rac1 f5 15. exf5 gxf5 16. f4 Qf6 17. Nd5 Qf7 18. Bf3 Nc5 19. Nd4 Kh8 20. Rce1 Bd7 21. Nc3 Rxe3 22. Nxc6 Rxe1 23. Rxe1 Bxc6 24. Nd5 Ne4 25.
Bxe4 fxe4 26. Rxe4 Bxd5 27. cxd5 Re8 28. Qe2 Rxe4 29.
Qxe4 Bf6 30. g4 Qg6 31. f5 Qg5 32. h3 Be5 33. Qa4 Qe3+ 34. Kg2 Qg3+ 35. Kf1 Qxh3+ 36. Ke2 Qg2+ 37. Ke3 Qg3+ 38. Ke2 b5 39. Qxa6 Qxg4+ 0-1

[Event "*** Titled Tuesday Blitz"]
[Site "Chess.com"]
[Date "2020.05.26"]
[Round "7"]
[White "BIG_Pirate"]
[Black "joejan"]
[Result "1-0"]
[WhiteElo "2318"]
[BlackElo "2185"]
[TimeControl "180+1"]
[EndTime "11:19:39 PDT"]
[Termination "BIG_Pirate won by resignation"]

1. Nf3 d5 2. c4 d4 3. g3 c5 4. Bg2 Nc6 5. O-O e5 6. d3 Nf6 7. e3 Bd6 8. exd4 cxd4 9. Bg5 O-O 10. a3 a5 11. Nbd2 h6 12. Bxf6 Qxf6 13. Ne4 Qe7 14.
Nxd6 Qxd6 15. Re1 f6 16. Nd2 Bf5 17. Ne4 Bxe4 18. Bxe4 Rab8 19. Qa4 f5 20. Bd5+ Kh8 21. Rab1 Ne7 22. Bg2 b6 23. b4 axb4 24. Qxb4 Qf6 25.
a4 f4 26. Be4 Nf5 27. Qd2 Nd6 28. Bd5 Qf5 29. Qe2 Rbe8 30. Rxb6 Nf7 31. Bxf7 Rxf7 32. a5 f3 33. Qf1 e4 34. dxe4 Rxe4 35. a6 Rxe1 36.
Qxe1 Qh3 37. Qf1 Re7 38. Qxh3 d3 1-0

[Event "*** Titled Tuesday Blitz"]
[Site "Chess.com"]
[Date "2020.05.26"]
[Round "7"]
[White "GMartin_Petrov"]
[Black "Dmitry_Konenkin"]
[Result "1-0"]
[WhiteElo "2557"]
[BlackElo "2254"]
[TimeControl "180+1"]
[EndTime "11:19:40 PDT"]
[Termination "GMartin_Petrov won by resignation"]

1. c4 e5 2. Nc3 d6 3. g3 Be6 4. Bg2 Nc6 5. d3 Qd7 6. Rb1 a5 7. Nd5 f5 8. e3 Nge7 9. Ne2 h5 10. h4 Ng6 11. O-O Rb8 12. Nec3 Nce7 13. b4 axb4 14. Nxb4 c6 15. Bf3 e4 16. dxe4 fxe4 17. Nxe4 Nf5 18.
Nxc6 Rc8 19. Bxh5 Rh6 20. Nd4 Nxd4 21. exd4 Rxc4 22. Bxh6 gxh6 23. Nf6+ 1-0

[Event "*** Titled Tuesday Blitz"]
[Site "Chess.com"]
[Date "2020.05.26"]
[Round "7"]
[White "Swarajan"]
[Black "CzechmVIII"]
[Result "1-0"]
[WhiteElo "2095"]
[BlackElo "2160"]
[TimeControl "180+1"]
[EndTime "11:19:40 PDT"]
[Termination "Swarajan won by resignation"]

1. d4 Nf6 2. c4 c5 3. d5 e6 4. Nc3 exd5 5. cxd5 d6 6. e4 g6 7. Nf3 a6 8. a4 Bg4 9. Be2 Bxf3 10. Bxf3 Bg7 11.
O-O O-O 12. Bf4 Qe7 13. Qc2 Nbd7 14. Rfe1 Rab8 15. a5 Rfc8 16. Rad1 c4 17. Na4 Ne5 18. Be2 Nfd7 19. Bg3 b5 20. axb6 Nxb6 21. Nxb6 Rxb6 22. f4 Nd7 23. b3 c3 24. Bg4 Rcb8 25. Bxd7 Qxd7 26.
e5 Rxb3 27. e6 Qe7 28. f5 Rb2 29. Qe4 c2 30. Rc1 gxf5 31. Qxf5 Rb1 32. Qxc2 Rxc1 33. Qxc1 fxe6 34. dxe6 Re8 35. Qc6 h5 36. Bxd6 Qg5 37. Qxe8+ 1-0

[Event "*** Titled Tuesday Blitz"]
[Site "Chess.com"]
[Date "2020.05.26"]
[Round "7"]
[White "EvgenyRomanov"]
[Black "Lovinski"]
[Result "1-0"]
[WhiteElo "2648"]
[BlackElo "2413"]
[TimeControl "180+1"]
[EndTime "11:19:46 PDT"]
[Termination "EvgenyRomanov won on time"]

1. b3 d5 2. Bb2 c5 3. e3 a6 4. f4 Nf6 5. Nf3 g6 6. Be2 Bg7 7. O-O O-O 8. Qe1 Nc6 9. d3 b5 10. Nbd2 Bb7 11. Qh4 d4 12. e4 Nb4 13. Bd1 Rc8 14. a3 Nc6 15. Be2 Qc7 16. Rae1 Rfe8 17. Bc1 Rcd8 18. e5 Nd5 19. Ne4 Qb6 20. Nfg5 h6 21. e6 f5 22. Nf7 fxe4 23. dxe4 Ne3 24. Nxh6+ Kf8 25. Bxe3 dxe3 26. f5 g5 27. Qh5 Ne5 28.
Ng4 Kg8 29. Nxe5 Bxe5 30. Qf7+ Kh8 31. Rf3 1-0

[Event "*** Titled Tuesday Blitz"]
[Site "Chess.com"]
[Date "2020.05.26"]
[Round "7"]
[White "Azeryahu"]
[Black "Indianlad"]
[Result "0-1"]
[WhiteElo "2767"]
[BlackElo "2983"]
[TimeControl "180+1"]
[EndTime "11:19:47 PDT"]
[Termination "Indianlad won on time"]

1. Nf3 d5 2. g3 Nd7 3. d4 Nb6 4. Bg2 Bf5 5. O-O e6 6. b3 h6 7.
Bb2 Nf6 8. Nbd2 Be7 9. Ne5 O-O 10.
e3 a5 11. a4 c6 12. c4 Nbd7 13. Ndf3 Nxe5 14. Nxe5 Qb6 15. Ba3 Bxa3 16. Rxa3 Rfd8 17. c5 Qb4 18. Ra1 Nd7 19. Nd3 Qc3 20. Nf4 e5 21. Ne2 Qb4 22. Nc1 exd4 23. exd4 Re8 24. Na2 Qa3 25.
Nc3 Qb2 26. Rc1 Nf6 27. h3 Re7 28. g4 Bh7 29. Bf3 Rae8 30. Kg2 Ne4 31. Nxe4 Bxe4 32. Bxe4 Rxe4 33. Qf3 Qxd4 0-1

[Event "*** Titled Tuesday Blitz"]
[Site "Chess.com"]
[Date "2020.05.26"]
[Round "7"]
[White "mrkvoz"]
[Black "JoySpaceman"]
[Result "1-0"]
[WhiteElo "2821"]
[BlackElo "2499"]
[TimeControl "180+1"]
[EndTime "11:19:48 PDT"]
[Termination "mrkvoz won by resignation"]

1. e4 c5 2. Nc3 e6 3. Nge2 Nc6 4. g3 h5 5. h3 h4 6. g4 d5 7.
exd5 exd5 8. d4 Nf6 9. Bg2 cxd4 10. Nxd4 Bc5 11. Nb3 Qe7+ 12. Qe2 Be6 13. Nxc5 Qxc5 14. Qb5 Qe7 15. O-O Nxg4 16. hxg4 h3 17. Bxd5 Qh4 18. Bxc6+ bxc6 19. Qxc6+ Ke7 20. Qc5+ Ke8 21. Qc6+ Ke7 22. Qb7+ Kf6 23. Qf3+ Ke7 24. Qg3 h2+ 25. Kh1 Bxg4 26. Qxh4+ Rxh4 27. Bg5+ f6 28. Bxh4 Rh8 29. f3 Bh3 30.
Bg3 Kf7 31. Rf2 1-0

[Event "*** Titled Tuesday Blitz"]
[Site "Chess.com"]
[Date "2020.05.26"]
[Round "7"]
[White "RitvarsReimanis"]
[Black "JLRHei"]
[Result "1-0"]
[WhiteElo "2490"]
[BlackElo "2331"]
[TimeControl "180+1"]
[EndTime "11:19:48 PDT"]
[Termination "RitvarsReimanis won on time"]

1. d4 Nf6 2. c4 c5 3. d5 e6 4. Nc3 exd5 5. cxd5 d6 6. e4 g6 7. Nf3 Bg7 8. h3 O-O 9. Bd3 Nh5 10. O-O a6 11. a4 Nd7 12. Re1 Re8 13. Bg5 Bf6 14. Bxf6 Qxf6 15. Bf1 Ne5 16. Nxe5 Rxe5 17. Ra3 Nf4 18.
Ne2 Rxe4 19. Nxf4 Qxf4 20. Rxe4 Qxe4 21. Re3 Qf4 22. Re8+ Kg7 23. Qe2 Qxa4 24. Qe7 Qf4 25. Qf8+ Kf6 26. Qh8+ Kg5 27. Rxc8 Rxc8 28. Qxc8 Qf6 29. Qxb7 a5 30. b3 Kh6 31. Qb5 Qc3 32. Qc4 Qe1 33. Qf4+ Kg7 34. Qxd6 1-0

[Event "*** Titled Tuesday Blitz"]
[Site "Chess.com"]
[Date "2020.05.26"]
[Round "7"]
[White "northridgehawk"]
[Black "Nafania1"]
[Result "0-1"]
[WhiteElo "2198"]
[BlackElo "2457"]
[TimeControl "180+1"]
[EndTime "11:19:49 PDT"]
[Termination "Nafania1 won by resignation"]

1. e4 e6 2. Nc3 d5 3. Nf3 Nf6 4. e5 Nfd7 5. d4 c5 6. dxc5 Nc6 7. Bf4 a6 8. Bd3 Nxc5 9. O-O Be7 10.
Re1 g5 11. Bg3 h5 12. h3 Qb6 13. Ne2 Bd7 14. b3 O-O-O 15. Ned4 Rdg8 16. c4 g4 17. hxg4 hxg4 18. Nxc6 Bxc6 19. Nh2 dxc4 20. Bxc4 Ne4 21. Nf1 Bc5 22. Qc2 Nxf2 23. Ne3 Bxe3 24. Rxe3 Qxe3 25. Bxf2 Qh6 26. Kf1 g3 27. Bg1 Qf4+ 28. Ke2 Qxe5+ 29. Kd3 Be4+ 0-1

[Event "*** Titled Tuesday Blitz"]
[Site "Chess.com"]
[Date "2020.05.26"]
[Round "7"]
[White "LiverpooL174"]
[Black "BocharovD"]
[Result "0-1"]
[WhiteElo "2668"]
[BlackElo "2828"]
[TimeControl "180+1"]
[EndTime "11:19:53 PDT"]
[Termination "BocharovD won by resignation"]

1. Nf3 c5 2. b3 d6 3. Bb2 e5 4. e3 Nc6 5. d4 cxd4 6. exd4 e4 7. Nfd2 f5 8. c4 Nf6 9. d5 Ne5 10. Be2 Be7 11. O-O O-O 12. Nc3 Bd7 13. Rc1 Kh8 14. b4 a5 15. a3 axb4 16. axb4 Qb6 17.
Nb5 Bxb5 18. cxb5 Nxd5 19. Nxe4 fxe4 20. Qxd5 e3 21. f4 Ng6 22. Bd4 Qd8 23. Bxe3 Ra3 24.
Bd4 Nxf4 25. Bxg7+ Kxg7 26. Qd4+ Kh6 27. Rxf4 Rxf4 28.
Qxf4+ Bg5 29. Qc4 d5 30. Qc2 Qb6+ 31. Kf1 Bxc1 32. Qxc1+ Qe3 33. Qxe3+ Rxe3 34. Bf3 Rd3 35. Ke2 Rd4 36. Ke3 Rxb4 37. Bxd5 Rxb5 38. Be4 Kg7 39. h4 h5 40. Kf4 Rb4 41. g3 b5 42. Ke5 Rb3 43. Kd4 Rxg3 44. Kc5 Rg4 45. Bf5 Rxh4 46.
Kxb5 Rd4 47. Kc5 Rd8 48. Be6 h4 49. Bd5 h3 50. Kd4 0-1

[Event "*** Titled Tuesday Blitz"]
[Site "Chess.com"]
[Date "2020.05.26"]
[Round "7"]
[White "Meri-Arabidze"]
[Black "Mikasinski"]
[Result "1-0"]
[WhiteElo "2587"]
[BlackElo "2395"]
[TimeControl "180+1"]
[EndTime "11:19:54 PDT"]
[Termination "Meri-Arabidze won by resignation"]

1. d4 Nf6 2. c4 g6 3. g3 Bg7 4.
Bg2 d6 5. e4 O-O 6. Ne2 c5 7.
d5 a6 8. Nbc3 Bd7 9. a4 Qc8 10.
O-O Bh3 11. a5 Bxg2 12. Kxg2 Nbd7 13. f4 Qd8 14. Qd3 Rb8 15. Ng1 b5 16. axb6 Qxb6 17.
Nf3 Ne8 18. Re1 Bxc3 19. bxc3 Ng7 20. e5 e6 21. dxe6 Nxe6 22. exd6 Qc6 23. f5 gxf5 24. Bh6 Rb2+ 25. Kg1 Rfb8 26. Qxf5 Qxd6 27. Qg4+ Kh8 28.
Rxe6 Rb1+ 29. Rxb1 Rxb1+ 30. Ne1 Rxe1+ 31. Rxe1 Qxh6 32. Qxd7 1-0

[Event "*** Titled Tuesday Blitz"]
[Site "Chess.com"]
[Date "2020.05.26"]
[Round "7"]
[White "Artem_Sadovsky"]
[Black "ErikRonka"]
[Result "1-0"]
[WhiteElo "2522"]
[BlackElo "2373"]
[TimeControl "180+1"]
[EndTime "11:19:54 PDT"]
[Termination "Artem_Sadovsky won by checkmate"]

1. Nf3 d5 2. g3 Nf6 3. Bg2 Bg4 4.
O-O Nbd7 5. c4 e6 6. b3 Bd6 7. Bb2 O-O 8. d3 Qe7 9. Nbd2 Ba3 10. Qc2 Bxb2 11. Qxb2 a5 12. Rac1 c6 13. Rfe1 Rfd8 14. a3 e5 15. cxd5 cxd5 16. Rc7 e4 17.
Nd4 exd3 18. h3 Bxe2 19. Rxb7 Qd6 20. Nxe2 dxe2 21. Rxe2 Rab8 22. Rxb8 Rxb8 23. Nf3 h6 24.
Nd4 Nc5 25. Nf5 Qd8 26. Ne7+ Kh8 27. Nc6 Qb6 28. Nxb8 Qxb8 29. b4 axb4 30. Qxb4 Qa7 31.
Qd4 Qxa3 32. Re7 Ne6 33. Qa7 Qc1+ 34. Kh2 d4 35. Rxf7 d3 36. Qa8+ Kh7 37. Be4+ Nxe4 38. Qxe4+ Kh8 39. Qxe6 d2 40. Rf8+ Kh7 41. Qf5+ g6 42.
Qf7# 1-0

[Event "*** Titled Tuesday Blitz"]
[Site "Chess.com"]
[Date "2020.05.26"]
[Round "7"]
[White "zubridis"]
[Black "allvim"]
[Result "1-0"]
[WhiteElo "2462"]
[BlackElo "2267"]
[TimeControl "180+1"]
[EndTime "11:19:54 PDT"]
[Termination "zubridis won by resignation"]

1. d4 Nf6 2. c4 e6 3. Nf3 d5 4. g3 Be7 5. Bg2 O-O 6. Nc3 a6 7. O-O dxc4 8. Ne5 Nc6 9. Bxc6 bxc6 10. Nxc6 Qe8 11. Nxe7+ Qxe7 12. Qa4 Bb7 13. Qxc4 e5 14. Bg5 exd4 15. Qxd4 Rad8 16. Bxf6 Qxf6 17. Qxf6 gxf6 18.
Rfd1 Rfe8 19. f3 f5 20. Kf2 Kg7 21. Rxd8 Rxd8 22. Rd1 Rc8 23. Ke3 Kf6 24. Kf4 Bc6 25. Rd4 Rb8 26. Rc4 Rb6 27. b4 Ke6 28. a3 f6 29. Rc5 Bb5 30. Rxc7 Rd6 31. Rxh7 Rd2 32.
Nxb5 axb5 33. Rb7 Rxe2 34. Rxb5 Rxh2 35. Rxf5 Ra2 36. Ra5 Rb2 1-0

[Event "*** Titled Tuesday Blitz"]
[Site "Chess.com"]
[Date "2020.05.26"]
[Round "7"]
[White "Shivagami"]
[Black "Susal_De_Silva"]
[Result "0-1"]
[WhiteElo "2214"]
[BlackElo "2368"]
[TimeControl "180+1"]
[EndTime "11:19:54 PDT"]
[Termination "Susal_De_Silva won by resignation"]

1. e4 e5 2. Nc3 Nf6 3. Bc4 Bc5 4. d3 d6 5. f4 Ng4 6. Nh3 Qh4+ 7. Kd2 Nf2 8. Qe1 Bxh3 9. gxh3 Qxh3 10. Rg1 Nc6 11.
Rxg7 O-O-O 12. Rxf7 Nd4 13. Qxf2 Nf3+ 14. Qxf3 Qxf3 15.
Nd5 Rd7 16. Nb6+ axb6 17. Be6 Qf2+ 0-1

[Event "*** Titled Tuesday Blitz"]
[Site "Chess.com"]
[Date "2020.05.26"]
[Round "7"]
[White "vaishali2001"]
[Black "Tacticusbd"]
[Result "0-1"]
[WhiteElo "2596"]
[BlackElo "2445"]
[TimeControl "180+1"]
[EndTime "11:19:56 PDT"]
[Termination "Tacticusbd won by resignation"]

1. e4 e6 2. d4 d5 3. Nd2 a6 4. Ngf3 Nf6 5. Bd3 c5 6. e5 Nfd7 7. c3 Nc6 8. O-O g5 9. dxc5 g4 10. Nd4 Ndxe5 11. N2b3 Nxd3 12. Qxd3 e5 13. Re1 f6 14.
Bf4 Ne7 15. Bxe5 fxe5 16. Rxe5 Bg7 17. Rh5 h6 18. Re1 O-O 19. Nd2 Qe8 20. Rxd5 Qf7 21. Rxe7 Qxe7 22. Nf1 Bd7 23. Nf3 Bc6 24. Rd4 gxf3 0-1

[Event "*** Titled Tuesday Blitz"]
[Site "Chess.com"]
[Date "2020.05.26"]
[Round "7"]
[White "AlexTriapishko"]
[Black "chessplayer9919"]
[Result "1-0"]
[WhiteElo "2724"]
[BlackElo "2486"]
[TimeControl "180+1"]
[EndTime "11:19:59 PDT"]
[Termination "AlexTriapishko won by resignation"]

1. Nc3 c6 2. d4 d5 3. Bf4 Nf6 4. e3 g6 5. h3 Bg7 6. Nf3 O-O 7.
Be2 Nbd7 8. O-O Re8 9. Ne5 Nxe5 10. Bxe5 Nd7 11. Bxg7 Kxg7 12. e4 dxe4 13. Nxe4 Nf6 14.
Nxf6 exf6 15. c3 Be6 16. Bf3 Qd6 17. Re1 Rad8 18. Qd2 Bd5 19. Bxd5 cxd5 20. Rxe8 Rxe8 21. Re1 Re4 22. Rxe4 dxe4 23. d5 f5 24. Qd4+ Kg8 25. c4 b6 26. b4 e3 27. fxe3 f4 28. c5 bxc5 29. bxc5 Qb8 30. exf4 Qb1+ 31. Kh2 Qa1 32. Qxa1 1-0

[Event "*** Titled Tuesday Blitz"]
[Site "Chess.com"]
[Date "2020.05.26"]
[Round "7"]
[White "Evgeny81"]
[Black "chegueps"]
[Result "1-0"]
[WhiteElo "2705"]
[BlackElo "2430"]
[TimeControl "180+1"]
[EndTime "11:19:59 PDT"]
[Termination "Evgeny81 won by resignation"]

1. e4 c5 2. Nf3 e6 3. d4 cxd4 4. Nxd4 Nf6 5. Nc3 Nc6 6. Ndb5 Bc5 7. Nd6+ Ke7 8. Nxc8+ Rxc8 9. Be2 Qc7 10. O-O h5 11. Bg5 Qe5 12. Qd2 Bd4 13. Kh1 Bxc3 14.
bxc3 Kf8 15. Bd3 Ng4 16. Bf4 Qc5 17. h3 Nce5 18. Rab1 a6 19. Rxb7 Nf6 20. Bh2 Nxd3 21. cxd3 Qxc3 22. Qxc3 Rxc3 23. Rb8+ Ne8 24. Bd6+ Kg8 25.
Rxe8+ Kh7 26. Rxh8+ Kxh8 27. d4 Rd3 28. Bc5 d6 29. Bxd6 Rxd4 30. e5 Rd2 31. a3 Kh7 32.
Kg1 Kg6 33. Rc1 Kf5 34. Rc4 1-0